 Dungeon Sprint DCSS version 0.29-a0-221-gceb61267dd (webtiles) character file.

Game seed: 11422681513756921532

1306 mhtbhm the Basher (level 8, -7/84 HPs)
             Began as a Gargoyle Fighter on Feb 26, 2022.
             Was an Initiate of Gozag.
             Mangled by a death yak (13 damage)
             ... in the Dungeon (Sprint VII: "The Pits").
             The game lasted 00:03:12 (1499 turns).

mhtbhm the Basher (Gargoyle Fighter)                Turns: 1499, Time: 00:03:12

Health: -7/84      AC: 23    Str: 25    XL:     8   Next: 57%
Magic:  8/8        EV: 11    Int:  9    God:    Gozag
Gold:   1021       SH:  5    Dex:  9    Spells: 7/7 levels left

rFire   . . .      SeeInvis .   a - +2 morningstar (vorpal)
rCold   . . .      Faith    .   c - +0 buckler
rNeg    + . .      Spirit   .   b - +4 chain mail
rPois   ∞          Reflect  .   (no helmet)
rElec   +          Harm     .   (no cloak)
rCorr   .          Rampage  .   (no gloves)
Will    .....      NoTele   +   s - +0 pair of boots
Stlth   ..........              (no amulet)
HPRegen 0.24/turn               p - +3 ring of strength
MPRegen 0.11/turn               q - +3 ring of evasion

@: berserking, slowed
A: sickness immunity, AC +5, negative energy resistance 1, electricity
resistance, torment resistance 1, petrification resistance
a: Renounce Religion, Potion Petition, Call Merchant, Bribe Branch


You were in the Dungeon.
You worshipped Gozag.
Gozag was most pleased with you.
You visited 1 branch You collected 1341 gold pieces.
You paid 320 gold pieces to Gozag.

Inventory:

Hand Weapons
 a - a +2 vorpal morningstar (weapon)
Missiles
 n - a curare-tipped dart (quivered)
Armour
 b - a +4 chain mail (worn)
 c - a +0 buckler (worn)
 s - a +0 pair of boots (worn)
Jewellery
 p - a +3 ring of strength (left hand)
 q - a +3 ring of evasion (right hand)
Wands
 o - a wand of flame (6)
Scrolls
 j - a scroll of blinking
 l - 5 scrolls of amnesia
 m - a scroll of summoning
Potions
 d - 2 potions of might
 e - 9 potions of curing
 f - 7 potions of heal wounds
 g - 3 potions of haste
 h - 4 potions of magic
 k - 2 potions of invisibility
 r - a potion of brilliance


   Skills:
 + Level 9.4 Fighting
 + Level 11.6 Maces & Flails
 + Level 11.3 Armour
 + Level 2.0 Stealth
 + Level 8.4 Shields


You had 7 spell levels left.
You didn't know any spells.
Your spell library was empty.

Dungeon Overview and Level Annotations

Branches:
Dungeon (1/1)

Altars:
Ashenzari
Cheibriados
Dithmenos
Elyvilon
Fedhas
Gozag
Hepliaklqana
Kikubaaqudgha
Makhleb
Nemelex Xobeh
Okawaru
Qazlal
Ru
Sif Muna
Trog
Uskayaw
Vehumet
Wu Jian
Xom
Yredelemnul
Zin
The Shining One
Beogh
Jiyva
Lugonu

Annotations:
D Crazy Yiuf


Innate Abilities, Weirdness & Mutations

You are immune to sickness and miasma.
Your stone body is resilient. (AC +5)
You are immune to poison.
You resist negative energy. (rN+)
You are resistant to electric shocks. (rElec)
You are resistant to unholy torment.
You are immune to petrification.


Message History

Purchase which effect?
You feel much better.
You feel better. Magic courses through your body.
Something hits you but does no damage.
You hit something. Something hits you but does no damage.
The death yak gores you but does no damage.
Something hits you but does no damage. The death yak gores you!
You miss something. Something hits you! You block the death yak's attack.
Unknown command.
You hit something. Something hits you but does no damage.
You block the death yak's attack. Something hits you but does no damage.
You hit something. The death yak closely misses you. Something hits you.
The death yak gores you but does no damage.
Unknown command.
A red film seems to cover your vision as you go berserk!
You feel yourself moving faster!
You feel mighty! Something hits you. Something drains your vigour!
You feel as though you will be slow longer.
The death yak barely misses you.
You closely miss something. Something barely misses you.
The death yak snorts and paws the ground.
The death yak closely misses you.
You sock something! Something hits you but does no damage.
The death yak gores you but does no damage.
Something unseen opens the door.
You barely miss something. Something hits you but does no damage.
An efreet comes into view.
It is wielding a +2 scimitar of flaming.
The death yak gores you!
You barely miss something. Something hits you! The death yak gores you.
* * * LOW HITPOINT WARNING * * *
The efreet gestures at you.
The fireball explodes!
The fireball engulfs you!
* * * LOW HITPOINT WARNING * * *
The fireball engulfs the death yak!
The fireball engulfs something!
You barely miss something. Something hits you.
* * * LOW HITPOINT WARNING * * *
Something drains your vigour!
You feel as though you will be slow longer.
The death yak gores you!
You die...
Your body crumbles into a pile of gold.

...)'................+
#####......#..#......#
...##................#
##'#####'#####''######
...##.......##''#
...##.......##..##
'####.......##...##
...##...<...###...##+##.
...##.......# ##@.......
...##.......# #Y{###R###
#####.......##.g##
#..###########..
#)############..
#)#....#..[[###.
#'#....#...[# ##
#.'....'..))#
#'#....#..))#


You could see a death yak, an efreet and Crazy Yiuf.

Vanquished Creatures
  A komodo dragon (D)
  A tyrant leech (D)
  A hornet (D)
  A flying skull (D)
  A kobold brigand (D)
  Blork the orc (D)
  3 scorpions (D)
  A gnoll sergeant (D)
  An iron imp (D)
  An iguana (D)
  A mummy (D)
  A gnoll (D)
  An adder (D)
  An ufetubus (D)
  An adder zombie (D)
  A worm (D)
  A ball python (D)
  A bat (D)
  An endoplasm (D)
  A goblin (D)
  A hobgoblin (D)
  2 jackals (D)
  A frilled lizard (D)
26 creatures vanquished.

Notes
Turn   | Place    | Note
-------+----------+-------------------------------------------
     0 | D        | mhtbhm the Gargoyle Fighter began the quest for the Orb.
     0 | D        | Reached XP level 1. HP: 14/14 MP: 1/1
    22 | D        | Found a bloodstained altar of Trog.
    22 | D        | Found a shimmering blue altar of Sif Muna.
    22 | D        | Found a viscous altar of Jiyva.
    22 | D        | Found a hazy altar of Hepliaklqana.
    22 | D        | Found an opulent altar of Gozag.
    23 | D        | Found a glowing golden altar of the Shining One.
    23 | D        | Found a glowing silver altar of Zin.
    23 | D        | Found a basalt altar of Yredelemnul.
    23 | D        | Found a shimmering altar of Xom.
    23 | D        | Found an ornate altar of the Wu Jian Council.
    23 | D        | Found a sacrificial altar of Ru.
    23 | D        | Found a stormy altar of Qazlal.
    23 | D        | Found an iron altar of Okawaru.
    23 | D        | Found a sparkling altar of Nemelex Xobeh.
    23 | D        | Found a burning altar of Makhleb.
    23 | D        | Found a blossoming altar of Fedhas.
    23 | D        | Found a white marble altar of Elyvilon.
    23 | D        | Found a shadowy altar of Dithmenos.
    23 | D        | Found a snail-covered altar of Cheibriados.
    25 | D        | Found a radiant altar of Vehumet.
    25 | D        | Found a corrupted altar of Lugonu.
    26 | D        | Found a hide-covered altar of Uskayaw.
    26 | D        | Found an ancient bone altar of Kikubaaqudgha.
    26 | D        | Found a broken altar of Ashenzari.
    30 | D        | Became a worshipper of Gozag Ym Sagoz the Greedy
   113 | D        | Reached XP level 2. HP: 12/20 MP: 2/2
   277 | D        | Reached XP level 3. HP: 22/25 MP: 3/3
   312 | D        | Noticed a scorpion
   320 | D        | Killed a scorpion
   321 | D        | Reached skill level 5 in Fighting
   321 | D        | Reached skill level 5 in Shields
   321 | D        | Reached XP level 4. HP: 19/32 MP: 4/4
   578 | D        | Noticed a kobold brigand
   578 | D        | Noticed a flying skull
   585 | D        | Noticed a scorpion
   601 | D        | Killed a flying skull
   602 | D        | Reached skill level 1 in Stealth
   602 | D        | Reached XP level 5. HP: 27/38 MP: 5/5
   602 | D        | Reached XP level 6. HP: 31/44 MP: 6/6
   892 | D        | Noticed a hornet
   907 | D        | Killed a hornet
   908 | D        | Reached skill level 10 in Armour
   908 | D        | Reached XP level 7. HP: 32/50 MP: 7/7
  1019 | D        | Noticed Blork the orc
  1052 | D        | Killed Blork the orc
  1057 | D        | Reached skill level 10 in Maces & Flails
  1141 | D        | Noticed a komodo dragon
  1141 | D        | Noticed a tyrant leech
  1180 | D        | Killed a tyrant leech
  1181 | D        | Reached XP level 8. HP: 49/56 MP: 8/8
  1188 | D        | Killed a komodo dragon
  1482 | D        | Noticed Crazy Yiuf
  1484 | D        | Noticed a death yak
  1497 | D        | Noticed an efreet
  1499 | D        | Mangled by a death yak

Illustrated notes

Levels and vault maps discovered:
D:        pitsprint [storerooms_1, entrance_room_1, metal_vault_5, armoury_1,
          mini_pit_1, grid_room_1, main_hall_1, silver_pit, the_coven_1,
          the_vestibule_1, steel_vault_4, golden_pit, hallway_of_sentries,
          crystal_vault_2, iron_vault_4, final_vault]

Skill      XL: |  1  2  3  4  5  6  7  8 |
---------------+-------------------------+-----
Fighting       | 4 5 7 8 9 |  9.4
Armour         | 4 6 8 10 11 | 11.3
Shields        | 4 5 6 7 8 |  8.4
Maces & Flails | 3 4 6 9 10 11 | 11.6
Stealth        | 1 2 |  2.0

Action                   |  1- 3 |  4- 6 |  7- 9 || total
-------------------------+-------+-------+-------++-------
Melee: Mace              |    38 |    79 |    59 ||   176
       Flail             |     1 |       |       ||     1
       Morningstar       |       |       |    11 ||    11
Invok: Potion Petition   |       |       |     1 ||     1
  Use: Potion            |       |     2 |     4 ||     6
 Stab: Distracted        |       |       |     1 ||     1
Armor: Scale mail        |    17 |       |       ||    17
       Plate armour      |       |    58 |    24 ||    82
       Chain mail        |       |       |    11 ||    11
Dodge: Dodged            |    16 |    14 |    12 ||    42
Block: Buckler           |     4 |    14 |     8 ||    26

Table legend: (Time is in decaauts)
 A = Elapsed time spent in this place.
 B = Non-inter-level travel time spent in this place.
 C = Inter-level travel time spent in this place.
 D = Time resting spent in this place.
 E = Time spent auto-exploring this place.
 F = Levels seen in this place.
 G = Mean time per level.
                   A        B        C        D        E       F      G
               +--------+--------+--------+--------+--------+-----+--------+
         Total |   1529 |   1529 |      0 |    857 |     31 |   1 | 1529.0 |
       Dungeon |   1529 |   1529 |      0 |    857 |     31 |   1 | 1529.0 |
               +--------+--------+--------+--------+--------+-----+--------+

Top non-repeatable levels by time:
       D: 1529 daAuts
